Map: Sentinel LE

Players

Ivadios

  • Race: Terran Terran
  • League: Bronze
  • Spawn Location: 12:00

Arthas

  • Race: Protoss Protoss
  • Spawn Location: 9:00

Duffman

  • Race: Terran Terran
  • Spawn Location: 9:00

Outlander

  • Race: Protoss Protoss
  • Spawn Location: 5:00

leon

  • Race: Terran Terran
  • League: Master
  • Spawn Location: 6:00

Semen

  • Race: Terran Terran
  • Spawn Location: 5:00

VOD

Have the link to the VOD?

Description

Time

  • Played on: June 5, 2020, 1:35 p.m.
  • Length: 11:17
Show
View Real Time Build Order
Export as new Build Order

Ivadios Terran 

Build Orders:  

Get SALT Encoding   

  12  0:14  SCV  
  12  0:18  Supply Depot  
  13  0:49  Barracks  
  13  0:53  SCV  
  14  1:05  SCV  
  14  1:11  Refinery  
  15  1:44  Marine  
  16  2:02  Marine  
  17  2:15  Barracks  
  17  2:19  Marine  
  18  2:37  Marine  
  19  2:55  Marine  
  20  3:04  Barracks  
  20  3:05  Barracks Reactor  
  20  3:09  SCV  
  21  3:13  Marine  
  22  3:21  SCV  
  23  5:13  Marine  
  23  5:15  SCV  
  23  5:16  Marine  
  23  5:52  Supply Depot  
  23  6:04  Barracks  
  23  6:13  SCV, Marine x4  
  23  6:14  Supply Depot  
  29  6:25  SCV  
  29  6:31  Marine x2  
  31  6:36  Supply Depot, Marine x2  
  31  6:37  SCV, Engineering Bay  
  34  6:49  Marine x2  
  34  6:52  Barracks  
  34  6:53  Marine x2  
  38  7:00  Supply Depot  
  38  7:04  Orbital Command  
  38  7:06  Marine x2  
  40  7:09  Terran Infantry Weapons Level 1  
  40  7:11  Marine  
  41  7:23  Supply Depot  
  41  7:24  Marine  
  38  7:33  Barracks Reactor  
  38  7:36  Barracks Reactor  
  35  7:41  Barracks  
  32  7:46  Supply Depot  
  29  7:55  Missile Turret  
  5  9:03  Terran Infantry Armor Level 1  
  4  9:10  Marine x2  
  4  9:11  Marine x7  
  11  9:18  SCV  
  12  9:28  Marine x4  
  12  9:29  Marine x2  
  12  9:30  SCV  
  19  9:42  SCV  
  15  9:48  Barracks Reactor, Supply Depot  
  15  9:50  Barracks Reactor  
  15  9:54  SCV  
  16  10:07  SCV  
  5  10:11  Supply Depot  
    10:21  Orbital Command  
    10:22  Marine x3  
  3  10:40  Marine x3  
  6  10:56  SCV  
  7  10:58  Marine x2  
Show
View Real Time Build Order
Export as new Build Order

Arthas Protoss 

Build Orders:  

Get SALT Encoding   

  12  0:01  Probe  
  13  0:13  Probe  
  14  0:20  Pylon  
  14  0:25  Probe  
  15  0:38  Probe (Chrono Boost)  
  15  0:41  Forge  
  16  0:47  Probe (Chrono Boost)  
  17  0:53  Probe  
  18  1:22  Pylon  
  18  1:43  Pylon  
  18  1:51  Pylon  
  18  2:02  Photon Cannon  
  18  2:03  Photon Cannon  
  18  2:05  Photon Cannon  
  18  2:07  Photon Cannon  
  18  2:10  Photon Cannon  
  18  2:12  Photon Cannon  
  17  2:21  Photon Cannon  
  17  2:26  Pylon  
  16  2:43  Gateway  
  16  2:53  Assimilator  
  16  2:54  Probe (Chrono Boost), Assimilator  
  17  2:59  Gateway  
  17  3:03  Probe (Chrono Boost), Gateway  
  18  3:08  Probe (Chrono Boost)  
  19  3:20  Probe  
  18  3:38  Probe (Chrono Boost)  
  19  3:43  Cybernetics Core  
  19  3:47  Probe (Chrono Boost)  
  20  3:52  Probe (Chrono Boost)  
  21  4:07  Probe  
  22  4:15  Warp Gate (Chrono Boost)  
  22  4:49  Pylon  
  22  5:03  Gateway  
  22  5:04  Pylon  
  22  5:05  Pylon  
  22  5:16  Gateway  
  22  5:43  Stalker  
  22  5:44  Stalker x2  
  28  6:12  Stalker x3  
  28  6:13  Stalker x2  
  38  6:45  Stalker x4  
  38  6:46  Stalker  
  37  7:14  Robotics Facility  
  36  7:17  Stalker  
  38  7:36  Pylon  
  37  8:02  Observer (Chrono Boost)  
  38  8:11  Stalker x4  
  46  8:49  Observer  
  47  8:58  Pylon  
  47  9:11  Probe  
  38  9:23  Probe  
  27  9:53  Probe  
  28  10:11  Pylon  
  28  10:12  Pylon  
  22  10:40  Observer  
  21  11:11  Zealot x2  
  21  11:12  Zealot  
Show
View Real Time Build Order
Export as new Build Order

Duffman Terran 

Build Orders:  

Get SALT Encoding   

  12  0:02  SCV  
  13  0:15  SCV  
  13  0:19  Supply Depot  
  14  0:27  SCV  
  15  0:44  Barracks  
  15  0:52  Barracks  
  15  0:59  Barracks  
  15  1:15  Barracks  
  15  1:27  Barracks  
  15  1:31  Marine  
  16  1:42  Marine  
  16  1:46  Supply Depot  
  17  1:56  Marine x2  
  19  2:28  Marine x2  
  21  2:34  Orbital Command  
  21  2:38  Supply Depot  
  21  2:46  Marine  
  23  2:55  Marine  
  23  3:04  Marine x3  
  26  3:12  Marine  
  27  3:13  Marine  
  28  3:21  Marine  
  28  3:22  Marine x2  
  31  3:29  Marine  
  31  3:31  Marine  
  33  3:39  Marine  
  33  3:40  Marine x2  
  36  3:47  Marine  
  37  3:49  Supply Depot, Marine  
  38  3:57  Marine  
  39  4:11  Marine x2  
  39  4:14  Marine x2  
  39  4:15  Marine  
  44  4:28  Marine x2  
  46  4:32  Marine  
  47  5:14  Marine  
  47  5:15  Marine  
  47  5:17  Marine x3  
  43  5:32  Marine  
  43  5:33  Marine  
  43  5:34  Marine x2  
  47  5:56  Marine  
  47  5:58  Marine  
  47  6:00  Marine  
  47  6:01  Marine x2  
  36  6:13  Marine  
  36  6:16  Marine  
  36  6:18  Marine x3  
  39  6:31  Marine  
  40  6:34  Marine  
  40  6:36  Marine x3  
  43  6:49  Marine  
  43  6:52  Marine  
  43  6:53  Marine  
  44  6:54  Marine x2  
  46  7:06  Engineering Bay  
  46  7:07  Marine  
  47  7:10  Command Center  
  47  7:29  Refinery x2  
  47  7:34  Missile Turret  
  47  7:50  Command Center  
  47  7:56  Missile Turret  
  47  8:15  SCV  
  47  8:27  SCV  
  48  8:39  SCV  
  49  8:41  Orbital Command  
  49  8:50  Factory  
  49  8:51  SCV  
  50  9:03  SCV, Refinery x2  
  49  10:08  Factory Tech Lab  
  16  10:35  Orbital Command  
  11  10:49  Orbital Command  
  11  10:51  Starport  
Show
View Real Time Build Order
Export as new Build Order

Outlander Protoss 

Build Orders: 1 Gate Expand 

Get SALT Encoding   

  12  0:02  Probe  
  13  0:14  Probe  
  14  0:19  Pylon  
  14  0:26  Probe  
  15  0:38  Probe  
  15  0:40  Gateway  
  16  0:44  Assimilator  
  16  0:50  Probe  
  17  1:02  Probe  
  18  1:21  Nexus  
  18  1:24  Probe  
  19  1:35  Assimilator  
  19  1:36  Probe  
  20  1:48  Cybernetics Core  
  20  1:56  Probe  
  21  2:08  Probe  
  22  2:20  Probe  
  23  2:33  Probe  
  24  2:45  Probe  
  25  2:52  Pylon  
  25  2:55  Probe  
  25  2:57  Probe  
  27  2:59  Assimilator  
  27  3:03  Assimilator  
  27  3:06  Warp Gate (Chrono Boost)  
  27  3:07  Probe  
  27  3:09  Probe  
  27  3:11  Twilight Council  
  29  3:15  Robotics Facility  
  29  3:19  Probe  
  30  3:21  Probe  
  31  3:31  Probe  
  31  3:33  Probe  
  33  3:42  Forge  
  33  3:43  Probe  
  33  3:45  Probe  
  33  3:46  Pylon  
  35  3:52  Pylon  
  35  4:10  Pylon  
  35  4:22  Gateway  
  35  4:30  Dark Shrine  
  35  4:31  Gateway  
  35  4:35  Gateway  
  35  4:39  Pylon, Gateway  
  35  4:57  Gateway  
  33  5:35  Pylon  
  33  5:38  Probe x2 (Chrono Boost), Pylon  
  35  5:49  Probe x2 (Chrono Boost)  
  37  5:54  Probe x2 (Chrono Boost)  
  37  5:55  Dark Templar x3  
  45  6:04  Probe  
  45  6:09  Dark Templar  
  46  6:14  Shadow Stride (Chrono Boost)  
  46  6:16  Probe x2  
  44  6:28  Probe x2, Dark Templar x2  
  44  6:29  Dark Templar  
  40  7:03  Probe x2  
  40  7:07  Warp Prism  
  42  7:11  Pylon  
  42  7:15  Probe x2  
  44  7:27  Probe x2  
  46  7:30  Dark Templar x2  
  46  7:31  Dark Templar  
  52  7:39  Probe x2  
  54  7:48  Nexus  
  55  7:51  Probe x2  
  55  7:54  Charge  
  55  7:55  Pylon  
  56  8:03  Probe x2  
  58  8:15  Probe  
  58  8:16  Nexus  
  57  8:21  Probe  
  57  8:25  Pylon  
  57  8:27  Probe, Dark Templar x4  
  62  8:31  Pylon  
  62  8:33  Probe  
  68  8:39  Probe  
  69  8:42  Warp Prism  
  69  8:45  Probe  
  70  8:51  Probe  
  71  8:57  Probe  
  71  9:00  Zealot  
  71  9:01  Zealot  
  71  9:02  Dark Templar x2  
  80  9:04  Probe  
  80  9:09  Probe  
  82  9:16  Probe  
  77  9:24  Probe (Chrono Boost)  
  77  9:28  Probe (Chrono Boost)  
  77  9:36  Probe (Chrono Boost)  
  77  9:38  Probe (Chrono Boost), Assimilator  
  80  9:39  Probe (Chrono Boost)  
  80  9:41  Probe (Chrono Boost)  
  80  9:42  Templar Archives  
  80  9:43  Probe (Chrono Boost), Assimilator  
  80  9:45  Pylon  
  82  9:47  Probe, Gateway x2  
  82  9:51  Probe x2  
  83  9:53  Gateway  
  83  9:54  Gateway  
  83  9:55  Assimilator  
  83  9:59  Probe  
  80  10:10  Probe x3  
  80  10:11  Probe  
  84  10:22  Robotics Bay  
  84  10:23  Probe  
  84  10:24  Pylon  
  84  10:27  Pylon  
  85  10:30  Templar Archives  
  85  10:32  Gateway  
  85  10:33  Gateway  
  85  10:34  Pylon  
  85  10:36  Probe (Chrono Boost)  
  86  10:45  Probe (Chrono Boost)  
  86  10:48  Nexus  
  86  10:49  Pylon  
  87  10:50  Probe (Chrono Boost)  
  87  10:53  Assimilator  
  88  10:58  Zealot x7, Assimilator  
  88  10:59  Zealot  
  88  11:02  Probe  
  101  11:08  Pylon  
  99  11:14  Gateway  
  99  11:16  Gateway  
Show
View Real Time Build Order
Export as new Build Order

leon Terran 

Build Orders: Reaper Expand 

Get SALT Encoding   

  12  0:01  SCV  
  13  0:13  SCV  
  14  0:23  Supply Depot  
  14  0:25  SCV  
  15  0:44  SCV  
  15  0:46  Barracks  
  16  0:52  Refinery  
  16  0:57  SCV  
  17  1:09  SCV  
  18  1:21  SCV  
  19  1:33  Orbital Command  
  19  1:34  Reaper  
  19  1:54  Command Center  
  19  1:59  SCV  
  17  2:41  Barracks Reactor  
  17  2:43  SCV  
  18  2:45  Factory  
  14  2:56  SCV  
  15  3:08  SCV  
  15  3:09  Command Center  
  15  3:11  Orbital Command  
  15  3:34  Marine x2  
  15  3:38  Factory Tech Lab  
  15  3:39  Starport  
  17  3:41  Refinery  
  17  3:43  SCV  
  17  3:45  SCV  
  19  4:03  Bunker, Siege Tank  
  22  4:11  Marine x2  
  22  4:12  SCV x2  
  26  4:24  Starport Reactor  
  26  4:26  Orbital Command  
  26  4:28  SCV  
  26  4:29  SCV  
  28  4:42  Marine x2  
  28  4:44  SCV  
  31  4:46  SCV  
  32  5:08  Marine x2, Siege Tank  
  35  5:25  Marine, Barracks  
  35  5:26  Marine  
  35  5:28  Barracks, Liberator  
  37  5:31  SCV  
  37  5:32  SCV x2, Supply Depot  
  43  5:43  Marine  
  43  5:48  SCV x2  
  43  5:49  Marine  
  47  5:52  SCV  
  47  5:53  Supply Depot  
  47  6:06  Marine  
  47  6:07  Marine  
  45  6:22  Marine  
  45  6:23  Marine, Siege Tank  
  50  6:31  Marine x2  
  52  6:44  Barracks Tech Lab  
  52  6:45  Barracks Reactor  
  52  6:46  SCV x3  
  51  6:49  Barracks  
  51  6:51  Refinery  
  51  6:53  Refinery  
  51  6:55  Siege Tank  
  51  6:58  SCV x2  
  51  6:59  SCV  
  57  7:03  Marine  
  57  7:04  Medivac, Marine  
  57  7:06  Marine  
  62  7:10  SCV  
  62  7:11  SCV x2  
  65  7:23  SCV  
  65  7:25  Marine x3  
  65  7:26  Stimpack  
  64  7:36  Marine  
  65  7:37  SCV  
  65  7:38  SCV x2  
  65  7:44  Supply Depot  
  68  7:45  Engineering Bay x2  
  68  7:46  Barracks Reactor  
  68  7:49  Marine  
  69  7:53  Supply Depot  
  69  8:00  Orbital Command  
  69  8:05  SCV x2, Medivac x2, Marine x2  
  77  8:15  Supply Depot, Terran Infantry Weapons Level 1, Marine x3, Terran Infantry Armor Level 1  
  77  8:18  Siege Tank  
  83  8:23  Supply Depot, Marine  
  83  8:24  Marine  
  85  8:37  SCV x2, Marine x2  
  89  8:43  Marine x4  
  89  8:45  SCV, Medivac x2, Marine  
  99  8:49  SCV x2  
  99  8:54  Supply Depot x2  
  101  9:15  Marine x5, Siege Tank  
  101  9:16  Marine x2  
  111  9:17  Supply Depot  
  111  9:18  SCV x2  
  111  9:19  SCV  
  114  9:33  Marine  
  114  9:34  SCV  
  114  9:35  SCV, Marine  
  117  9:39  Medivac, Marine x5  
  124  9:51  Marine  
  125  9:55  Marine  
  123  10:01  Supply Depot  
  123  10:02  Supply Depot  
  123  10:09  Marine x2  
  125  10:16  Factory  
  125  10:18  Supply Depot  
  125  10:20  Factory  
  125  10:21  Armory, SCV, Marine  
  125  10:22  SCV x2, Medivac x2, Marine x4, Siege Tank  
  125  10:24  Supply Depot  
  125  10:27  Supply Depot, Marine  
  115  10:29  Marine  
  115  10:35  Supply Depot  
  116  10:39  SCV x2, Marine x2  
  116  10:40  SCV  
  116  10:41  Marine  
  116  10:42  Marine x2  
  124  10:45  Marine  
  124  10:46  Marine  
  126  10:53  Barracks  
  126  10:54  Command Center  
  126  10:57  Marine x2  
  129  11:01  Factory Tech Lab  
  136  11:10  Factory Tech Lab  
  140  11:14  Supply Depot  
  140  11:17  Supply Depot  
Show
View Real Time Build Order
Export as new Build Order

Semen Terran 

Build Orders: 2 Factory 

Get SALT Encoding   

  12  0:01  SCV  
  13  0:17  Supply Depot  
  13  0:18  SCV  
  14  0:30  SCV  
  15  0:40  Barracks  
  15  0:43  SCV  
  16  0:56  SCV  
  17  1:19  Command Center  
  17  1:20  SCV  
  18  1:32  Refinery  
  18  1:33  Marine  
  18  1:34  Refinery  
  19  1:45  Orbital Command  
  19  1:55  Supply Depot  
  19  2:22  SCV  
  20  2:34  SCV, Orbital Command  
  20  2:43  Marine  
  21  2:46  SCV  
  21  2:49  Factory  
  22  2:52  Orbital Command  
  22  2:58  SCV  
  23  3:06  Factory  
  23  3:07  Marine  
  23  3:10  SCV  
  25  3:22  SCV  
  25  3:25  SCV  
  27  3:34  SCV  
  27  3:37  SCV  
  27  3:39  Factory Tech Lab  
  29  3:41  Marine  
  29  3:45  Bunker  
  30  3:51  Bunker  
  30  3:52  Bunker  
  30  3:57  Factory Reactor  
  30  4:02  Siege Tank  
  31  4:07  Bunker  
  29  4:10  Bunker  
  4  4:39  SCV x2  
  6  5:03  SCV  
  7  5:10  Factory Tech Lab  
Tags
 
Add a new tag
Caveats
  • Supply blocks, unpowered buildings, or Contaminate may cause inaccurate times.
  • Supply counts are checked every 10 seconds.